 Dungeon Crawl Stone Soup version 0.31-a0-239-g0a1456f148 (webtiles) character file.

Game seed: 10082459668713253744

215 qw the Shooter (level 5, 0/41 HPs)
             Began as a Minotaur Hexslinger on July 11, 2023.
             Slain by a black bear (7 damage)
             ... on level 3 of the Dungeon.
             The game lasted 00:00:48 (1908 turns).

qw the Shooter (Minotaur Hexslinger)                Turns: 1908, Time: 00:00:48

Health: 0/41       AC:  5    Str: 12    XL:     5   Next: 60%
Magic:  5/5        EV: 11    Int: 10    God:
Gold:   95         SH:  0    Dex: 15    Spells: 5/6 levels left

rFire   . . .        Y - +1 sling
rCold   . . .        (no shield)
rNeg    . . .        g - +0 ring mail
rPois   .            (helmet restricted)
rElec   .            (no cloak)
rCorr   .            (no gloves)
SInv    .            (no boots)
Will    .....        (no amulet)
Stlth   +            (no ring)
HPRegen 0.26/turn    (no ring)
MPRegen 0.09/turn

%: no passive effects
@: no status effects
A: horns 2, retaliatory headbutt
a: no special abilities


You were on level 3 of the Dungeon.
You visited 1 branch of the dungeon, and saw 3 of its levels.

You collected 95 gold pieces.


Innate Abilities, Weirdness & Mutations

You have a pair of horns on your head.
You reflexively headbutt those who attack you in melee.


   Skills:
 + Level 2.0 Fighting
 - Level 6.2 Ranged Weapons
 - Level 1.1 Armour
 - Level 2.1 Dodging
 - Level 1.0 Spellcasting
 - Level 2.0 Hexes


You had 5 spell levels left.
You knew the following spells:

 Your Spells              Type           Power      Damage    Failure   Level
a - Slow                  Hex            16%        N/A       34%         1

Your spell library contained the following spells:

 Spells                   Type           Power      Damage    Failure   Level
 Inner Flame              Hex/Fire       2%         N/A       83%         3
 Portal Projectile        Hex/Tloc       4%         N/A       83%         3
 Cause Fear               Hex            2%         N/A       98%         4

Inventory:

Hand Weapons
 Y - a +1 sling (weapon)
Armour
 g - a +0 ring mail (worn)
 l - a +0 cloak
Scrolls
 c - a scroll of identify
Potions
 a - a potion of mutation {unknown}
 b - a potion of might {unknown}
 d - a potion of haste {unknown}
 e - a potion of invisibility {unknown}
 f - a potion of ambrosia {unknown}
 h - a potion of berserk rage {unknown}
 i - a potion of degeneration {unknown}
 j - a potion of brilliance {unknown}
 k - a potion of curing {unknown}

Dungeon Overview and Level Annotations

Branches:
Dungeon (3/15)

Altars:


Message History

Enter note: You shoot a sling bullet.
The sling bullet hits the black bear.
The black bear is lightly wounded.
You shoot a sling bullet.
The sling bullet barely misses the black bear.
You shoot a sling bullet. The sling bullet hits the black bear.
The black bear is moderately wounded.
The black bear bites you but does no damage.
The black bear claws you but does no damage. x2
You shoot a sling bullet.
The sling bullet closely misses the black bear.
The black bear completely misses you. The black bear misses you.
The black bear closely misses you.
You shoot a sling bullet. The sling bullet hits the black bear.
The black bear is heavily wounded.
The black bear closely misses you. You furiously retaliate!
You headbutt the black bear. The black bear barely misses you.
The black bear closely misses you.
You shoot a sling bullet. The sling bullet hits the black bear.
The black bear is severely wounded.
The black bear goes berserk!
You shoot a sling bullet. The sling bullet hits the black bear.
The black bear is almost dead.
The black bear bites you!
The black bear claws you but does no damage.
The black bear barely misses you. The black bear bites you.
The black bear claws you but does no damage.
The black bear claws you.
You shoot a sling bullet. The sling bullet hits the black bear.
The black bear is almost dead.
The black bear bites you! The black bear claws you.
The black bear closely misses you.
The black bear bites you but does no damage.
The black bear misses you. The black bear closely misses you.
You shoot a sling bullet.
The sling bullet hits the black bear but does no damage.
The black bear is almost dead.
The black bear bites you. The black bear claws you. x2
The black bear bites you!
You die...

.#.......
.#.........####. ..
.#........... ..#.#
.#.........# .....
...........### ...
...........##.....
.####+#.##.....#.#######
.'...............h......
.####.#.##... #@# ##
#...# #.# #...########.#
#.#..........#
#.........########
#########.# #.# #.# ..#


You could see a black bear (berserk).

Vanquished Creatures
  Sigmund (D:3)
  An adder (D:2)
  3 dart slugs (D:2)
  3 bats (D:1)
  An endoplasm (D:2)
  2 giant cockroaches (D:2)
  4 goblins (D:1)
  5 hobgoblins
  2 jackals (D:1)
  4 kobolds
  A quokka (D:1)
  4 ball pythons (D:1)
  8 frilled lizards
  7 rats
46 creatures vanquished.

Notes
Turn   | Place    | Note
-------+----------+-------------------------------------------
     0 | D:1      | qw the Minotaur Hexslinger began the quest for the Orb.
     0 | D:1      | Reached XP level 1. HP: 16/16 MP: 1/1
     0 | D:1      | 0 ||| qw: Version: 0.3-a-52-g30416fa
     0 | D:1      | 0 ||| qw: Game counter: 5901
     0 | D:1      | 0 ||| qw: Melee chars always use a shield: true
     0 | D:1      | 0 ||| qw: God list: Okawaru
     0 | D:1      | 0 ||| qw: Allow faded altars: false
     0 | D:1      | 0 ||| qw: Do Orc after clearing Dungeon:15 true
     0 | D:1      | 0 ||| qw: Do second Lair branch before Depths: true
     0 | D:1      | 0 ||| qw: Lair rune preference: random
     0 | D:1      | 0 ||| qw: Goals: Normal
     0 | D:1      | 0 ||| PLANNING D:1-11
    74 | D:1      | Reached skill level 3 in Ranged Weapons
    74 | D:1      | Reached XP level 2. HP: 15/23 MP: 2/2
   687 | D:1      | 687 ||| UPGRADING to +0 ring mail.
   697 | D:1      | 697 ||| DROPPING +0 robe.
   698 | D:1      | 698 ||| READING scroll labelled FEITZI ODEHEF.
   699 | D:1      | 699 ||| DROPPING scroll of poison.
   798 | D:2      | Reached XP level 3. HP: 29/29 MP: 3/3
   914 | D:2      | Reached skill level 4 in Ranged Weapons
  1036 | D:2      | Reached skill level 1 in Armour
  1393 | D:2      | 1393 ||| READING scroll labelled AWICALENYA.
  1394 | D:2      | 1394 ||| READING 2 scrolls labelled MEYKUJ GYGU.
  1395 | D:2      | 1395 ||| READING scroll labelled ESEUBU GOLIUL.
  1429 | D:3      | Noticed Sigmund
  1434 | D:3      | 1434 ||| STAIRDANCE
  1468 | D:3      | 1468 ||| STAIRDANCE
  1470 | D:3      | 1470 ||| STAIRDANCE
  1527 | D:3      | 1527 ||| STAIRDANCE
  1529 | D:3      | 1529 ||| STAIRDANCE
  1574 | D:3      | 1574 ||| STAIRDANCE
  1576 | D:3      | 1576 ||| STAIRDANCE
  1578 | D:3      | 1578 ||| STAIRDANCE
  1580 | D:3      | 1580 ||| STAIRDANCE
  1588 | D:3      | 1588 ||| STAIRDANCE
  1590 | D:3      | 1590 ||| STAIRDANCE
  1592 | D:3      | 1592 ||| STAIRDANCE
  1594 | D:3      | 1594 ||| STAIRDANCE
  1665 | D:3      | 1665 ||| STAIRDANCE
  1711 | D:3      | 1711 ||| STAIRDANCE
  1729 | D:3      | 1729 ||| FLEEEEING.
  1730 | D:3      | 1730 ||| STAIRDANCE
  1770 | D:3      | 1770 ||| STAIRDANCE
  1788 | D:3      | 1788 ||| STAIRDANCE
  1804 | D:3      | 1804 ||| STAIRDANCE
  1827 | D:3      | 1827 ||| STAIRDANCE
  1854 | D:3      | Killed Sigmund
  1855 | D:3      | Reached skill level 6 in Ranged Weapons
  1855 | D:3      | Reached XP level 4. HP: 36/36 MP: 4/4
  1855 | D:3      | Reached XP level 5. HP: 41/41 MP: 5/5
  1899 | D:3      | Noticed a black bear
  1908 | D:3      | HP: 10/41 [black bear (2)]
  1908 | D:3      | Slain by a black bear

Levels and vault maps discovered:
D:1:      psy_arrival_heroes, layout_basic
D:2:      layout_basic
D:3:      layout_basic, uniq_sigmund

Skill      XL: |  1  2  3 |
---------------+----------+-----
Ranged Weapons | 3 6 |  6.2
Fighting       | 2 |  2.0
Armour         | 1 |  1.1
Dodging        | |  2.1
Spellcasting   | |  1.0
Hexes          | |  2.0

Action                     |  1- 3 |  4- 6 || total
---------------------------+-------+-------++-------
   Fire: Sling             |   141 |     9 ||   150
    Use: Scroll            |     4 |       ||     4
 Armour: Robe              |     1 |       ||     1
         Ring mail         |     9 |     6 ||    15
  Dodge: Dodged            |    35 |    10 ||    45

Table legend:
 A = Non-vault XP
 B = Vault XP
 C = Vault XP percentage of total XP
 D = Non-vault monster count
 E = Vault monster count
 F = Vault count percentage of total count
                 A         B        C        D         E       F
            +---------+---------+-------+---------+---------+-------
      Total |      85 |     223 |  72.4 |      45 |       1 |   2.2
            +---------+---------+-------+---------+---------+-------
        D:1 |      38 |       0 |   0.0 |      26 |       0 |   0.0
        D:2 |      45 |       0 |   0.0 |      17 |       0 |   0.0
        D:3 |       2 |     223 |  99.1 |       2 |       1 |  33.3
            +---------+---------+-------+---------+---------+-------
